 Dungeon Crawl Stone Soup version 0.28-a0-861-ge64d6db94f (webtiles) character file.

Game seed: 12909383965035264112

26623 case the Arsonist (level 13, -16/86 HPs)
             Began as a Human Hedge Wizard on Nov 15, 2021.
             Was a High Priest of Dithmenos.
             Killed from afar by a bog body (35 damage)
             ... with a bolt of cold
             ... on level 2 of the Lair of Beasts.
             The game lasted 01:01:47 (19185 turns).

case the Arsonist (Human Hedge Wizard)             Turns: 19185, Time: 01:01:48

Health: -16/86     AC: 12    Str: 12    XL:     13   Next: 59%
Magic:  12/23      EV: 16    Int: 19    God:    Dithmenos [*****.]
Gold:   1009       SH:  0    Dex: 18    Spells: 7/26 levels left

rFire   . . .      SeeInvis .   w - +7 dagger (elec)
rCold   . . .      Faith    .   (no shield)
rNeg    . . .      Spirit   .   d - +1 leather armour {rPois}
rPois   +          Reflect  .   L - +1 hat {Stlth+}
rElec   .          Harm     .   E - +2 cloak {rCorr}
rCorr   +          Rampage  .   b - +0 pair of gloves
Will    .....                   B - +2 pair of boots
Stlth   ++++++....              F - amulet of magic regeneration
HPRegen 0.24/turn               f - +6 ring of dexterity
MPRegen 0.43/turn               h - +4 ring of evasion

@: wreathed by umbra
A: no striking features
a: Renounce Religion, Shadow Step, Shadow Form


You were on level 2 of the Lair of Beasts.
You worshipped Dithmenos.
Dithmenos was extremely pleased with you.
You visited 2 branches of the dungeon, and saw 15 of its levels.
You also visited: Bailey.

You collected 1048 gold pieces.
You spent 39 gold pieces at shops.

Inventory:

Hand Weapons
 w - a +7 dagger of electrocution (weapon)
 P - the +10 long sword of Duty {vorpal, rC+ rN+ Int+2}
   (You found it on level 11 of the Dungeon)

   It inflicts extra damage upon your enemies.
   Int:       It affects your intelligence (+2).
   rC:        It protects you from cold.
   rN:        It protects you from negative energy.
Armour
 b - a +0 pair of gloves (worn)
 d - a +1 leather armour of poison resistance (worn)
 l - a +0 helmet
 z - a +1 robe of willpower
 A - the +1 robe of Generosity {Will+ Int+3}
   (You found it on level 5 of the Dungeon)

   Int:       It affects your intelligence (+3).
   Will:      It increases your willpower.
 B - a +2 pair of boots (worn)
 E - a +2 cloak of preservation (worn)
 L - a +1 hat of stealth (worn)
Jewellery
 f - a +6 ring of dexterity (left hand)
 h - a +4 ring of evasion (right hand)
 y - a ring of protection from cold
 D - a ring of see invisible
 F - an amulet of magic regeneration (around neck)
 H - an amulet of regeneration
 J - a ring of protection from cold
 Q - a ring of protection from fire
 R - an amulet of guardian spirit
 S - a ring of ice
 V - an amulet of faith
 W - a ring of resist corrosion
Wands
 G - a wand of mindburst (18)
 I - a wand of digging (6)
 T - a wand of flame (19)
 U - a wand of paralysis (5)
Scrolls
 a - 4 scrolls of identify
 g - a scroll of teleportation
 i - 3 scrolls of fog
 j - 2 scrolls of immolation {unknown}
 k - a scroll of blinking
 o - 2 scrolls of magic mapping {unknown}
 r - a scroll of brand weapon {unknown}
 s - a scroll of vulnerability {unknown}
 u - 2 scrolls of amnesia
 K - 3 scrolls of fear {unknown}
 N - a scroll of holy word {unknown}
 O - a scroll of enchant armour {unknown}
Potions
 c - 4 potions of brilliance
 e - 2 potions of degeneration
 m - 3 potions of flight
 n - 3 potions of attraction
 p - 2 potions of curing
 q - 3 potions of lignification
 t - a potion of haste
 v - a potion of berserk rage {unknown}
 x - a potion of magic {unknown}
 C - 4 potions of heal wounds {unknown}
 M - a potion of ambrosia {unknown}
Miscellaneous
 X - a tin of tremorstones (2/2)


   Skills:
 - Level 3.1 Fighting
 - Level 5.0(6.9) Short Blades
 * Level 7.4(8.1) Long Blades
 - Level 3.2 Armour
 - Level 2.0 Dodging
 - Level 4.1 Stealth
 - Level 7.0 Spellcasting
 - Level 10.6 Conjurations
 - Level 2.1 Summonings
 - Level 1.0 Translocations
 * Level 11.1 Fire Magic
 - Level 7.0 Air Magic
 - Level 6.5 Poison Magic
 - Level 1.2 Invocations


You had 7 spell levels left.
You knew the following spells:

 Your Spells              Type           Power      Damage    Failure   Level
a - Magic Dart            Conj           100%       1d8       1%          1
b - Call Imp              Summ           14%        N/A       9%          2
c - Poisonous Vapours     Pois/Air       64%        N/A       1%          2
d - Conjure Flame         Conj/Fire      48%        6-21      1%          3
e - Mephitic Cloud        Conj/Pois/Air  37%        N/A       1%          3
f - Swiftness             Air            33%        N/A       2%          3
g - Fireball              Conj/Fire      24%        3d11      4%          5

Your spell library contained the following spells:

 Spells                   Type           Power      Damage    Failure   Level
 Searing Ray              Conj           94%        2d7       1%          2
 Corpse Rot               Necr/Air       40%        N/A       4%          2
 Dazzling Flash           Conj/Hex       52%        N/A       4%          3
 Stone Arrow              Conj/Erth      52%        3d10      4%          3
 Iskenderun's Battlesphe  Conj           47%        2d10      4%          5
 Iskenderun's Mystic Bla  Conj/Tloc      28%        2d7       12%         4
 Sandblast                Erth           12%        2d6       13%         1
 Slow                     Hex            24%        N/A       13%         1
 Blink                    Tloc           20%        N/A       13%         2
 Fulminant Prism          Conj/Hex       13%        3d9       14%         4
 Hailstorm                Conj/Ice       26%        3d7       14%         4
 Passwall                 Tmut/Erth      5%         N/A       19%         2
 Starburst                Conj/Fire      24%        6d8       22%         6
 Freezing Cloud           Conj/Ice/Air   14%        6-21      32%         5
 Conjure Ball Lightning   Conj/Air       20%        3x3d6     45%         6
 Animate Armour           Summ/Erth      20%        N/A       63%         4
 Ice Form                 Ice/Tmut       6%         N/A       77%         4
 Orb of Destruction       Conj           23%        9d10      80%         7
 Simulacrum               Ice/Necr       3%         N/A       100%        6
 Lehudib's Crystal Spear  Conj/Erth      13%        10d4      100%        8
 Polar Vortex             Ice            3%         N/A       100%        9


Dungeon Overview and Level Annotations

Branches:
Dungeon (13/15)            Temple (0/1) D:4            Lair (2/6) D:11
  Swamp (0/4) Lair:2          Orc (0/2) D:12         Vaults (0/5) D:13
 Bailey (visited)
  Snake: Lair:2-4    Spider: Lair:2-4

Altars:
Dithmenos

Shops:
D:7 [   D:9 *

Annotations:
D:13 Rupert, Urug


Message History

The bullfrog is engulfed in noxious fumes.
The bullfrog appears confused.
The bog body casts a spell at you. You resist with significant effort.
The yak is engulfed in noxious fumes.
The yak appears confused.
The bullfrog hits the bog body.
Casting: Mephitic Cloud (safe; 1% risk of failure)
Confirm with . or Enter, or press ? or * to list all spells.
Aiming: Fireball (dangerous; 4% risk of failure)
Press: ? - help, Shift-Dir - straight line, f - yak
Aim: a yak (noxious fumes, moderately wounded, confused, umbra)
The fireball explodes!
The fireball engulfs the yak!!
The yak is severely wounded.
The fireball engulfs the bog body!
The bog body resists.
The bog body is lightly damaged.
The yak is engulfed in noxious fumes.
The yak appears confused.
The yak barely misses the bog body.
The yak gores itself.
The bog body casts a spell at you. The bolt of cold hits you!!
Casting: Fireball (dangerous; 4% risk of failure)
Confirm with . or Enter, or press ? or * to list all spells.
Aiming: Fireball (dangerous; 4% risk of failure)
Press: ? - help, Shift-Dir - straight line, f/p - yak
Aim: a yak (almost dead, confused, umbra)
The fireball explodes!
The fireball engulfs the yak!
You kill the yak!
Dithmenos accepts your kill.
The fireball engulfs the bog body!
The bog body resists.
The bog body is heavily damaged.
The fireball engulfs the bog body.
The bog body resists.
The bog body is lightly damaged.
The bog body touches you but does no damage.
You hit the bog body.
The bog body is severely damaged.
The yak is engulfed in noxious fumes.
The yak appears confused.
The bog body touches you. The bog body freezes you!!
* * * LOW HITPOINT WARNING * * *
The bog body gestures at you while chanting.
The bolt of cold hits you!!
You die...

.#...##........##..PP.......#
#...........#####..#.......#####
.#...#.............#P.....?†...#
......P.............(...F#.....#
##..........##......#....####..#
##...#.........#.#.##..F.##...#.#
###.###.....#...##.##.......... .
..#.##P.............†Y..........
................@.n.°°...........
.#####P#######.###nP##.####P#..##
#.# ## ### ####### ## # ##


You could see 2 bog bodies, a yak (confused) and a bullfrog (confused).

Vanquished Creatures
  Gastronok (D:9)
  Erica (D:10)
  2 hydras
  A centaur warrior (D:13)
  2 two-headed ogres
  An orc high priest (Bailey)
  2 deep elf pyromancers (D:12)
  2 ugly things
  2 manticores (D:13)
  4 cyclopes
  An elephant (D:11)
  A gargoyle (D:12)
  A komodo dragon (Lair:1)
  An unseen horror (D:10)
  Psyche (D:8)
  3 kobold demonologists
  2 meliai (shapeshifter) (D:13)
  3 trolls
  Prince Ribbit (D:6)
  5 slime creatures
  2 shadows
  A wraith (D:9)
  A wyvern (D:11)
  A meliai zombie (D:11)
  24 yaks
  2 humans (D:13)
  2 basilisks
  Eustachio (D:5)
  A steam dragon (D:9)
  11 vampire mosquitoes
  A two-headed ogre zombie (D:12)
  4 water moccasins
  2 ice beasts
  7 orc warriors
  A sky beast (D:6)
  3 black bears
  5 wolves
  4 ogres
  5 centaurs
  2 phantoms (D:12)
  4 kobold brigands
  4 bullfrogs
  2 gnoll sergeants (D:8)
  5 scorpions
  2 water moccasin zombies
  4 wights
  An electric eel (Bailey)
  4 centaur zombies
  5 howler monkeys
  A bullfrog zombie (D:6)
  A jelly (D:6)
  A hound (D:8)
  A gnoll shaman (D:8)
  3 orc priests
  2 bullfrog skeletons
  Crazy Yiuf (D:6)
  Jessica (D:2)
  A centaur skeleton (D:7)
  2 iguanas
  3 orc wizards
  Natasha (D:3)
  7 ogre zombies (D:12)
  A hound skeleton (D:5)
  4 howler monkey zombies
  16 gnolls
  7 adders
  2 white imps
  2 ufetubi
  2 adder skeletons (D:4)
  A worm (D:4)
  3 dart slugs
  24 orcs
  3 ball pythons
  4 endoplasms
  2 giant cockroaches
  4 goblins
  4 hobgoblins
  4 jackals (D:3)
  30 kobolds
  4 quokkas
  4 bats
  A frilled lizard (D:1)
  A goblin skeleton (D:12)
  3 goblin zombies (D:12)
  2 hobgoblin skeletons (D:12)
  2 hobgoblin zombies (D:12)
  4 orc skeletons (D:12)
  13 orc zombies (D:12)
  2 rats
322 creatures vanquished.

Vanquished Creatures (collateral kills)
  A jelly (D:4)
  Terence (D:2)
  Natasha (D:3)
  A gnoll (D:2)
4 creatures vanquished.

Vanquished Creatures (others)
  A fungus (D:11)
  2 plants (D:3)
  9 withered plants (D:3)
12 creatures vanquished.

Grand Total: 338 creatures vanquished

Notes
Turn   | Place    | Note
-------+----------+-------------------------------------------
     0 | D:1      | case the Human Hedge Wizard began the quest for the Orb.
     0 | D:1      | Reached XP level 1. HP: 13/13 MP: 4/4
   350 | D:1      | Reached skill level 1 in Fighting
   350 | D:1      | Reached XP level 2. HP: 21/21 MP: 1/6
   472 | D:1      | Learned a level 2 spell: Call Imp
   975 | D:2      | Noticed Jessica
   990 | D:2      | Reached XP level 3. HP: 25/26 MP: 7/7
   992 | D:2      | Killed Jessica
   993 | D:2      | Reached skill level 1 in Armour
   993 | D:2      | Reached XP level 4. HP: 14/33 MP: 5/8
  1561 | D:2      | Reached XP level 5. HP: 23/38 MP: 0/9
  1878 | D:2      | Noticed Terence
  2313 | D:3      | Found a shadowy altar of Dithmenos.
  2398 | D:3      | Found a faded altar of an unknown god.
  2512 | D:3      | Became a worshipper of Dithmenos the Shadowed
  2533 | D:3      | Noticed Natasha
  2547 | D:3      | Killed Natasha
  2548 | D:3      | Reached XP level 6. HP: 42/46 MP: 8/10
  2940 | D:3      | Noticed Natasha
  2953 | D:3      | Killed Natasha
  2957 | D:3      | Learned a level 2 spell: Poisonous Vapours
  2961 | D:3      | Learned a level 3 spell: Conjure Flame
  2965 | D:3      | Learned a level 3 spell: Mephitic Cloud
  3196 | D:2      | Killed Terence
  3704 | D:4      | Found a staircase to the Ecumenical Temple.
  3704 | D:4      | Noticed a black bear
  3713 | D:4      | Killed a black bear
  3714 | D:4      | Reached skill level 1 in Short Blades
  3714 | D:4      | Reached skill level 1 in Air Magic
  3714 | D:4      | Reached skill level 1 in Poison Magic
  3714 | D:4      | Reached XP level 7. HP: 51/52 MP: 8/11
  4242 | D:4      | Reached * piety under Dithmenos
  4542 | D:5      | Entered Level 5 of the Dungeon
  4697 | D:5      | Reached XP level 8. HP: 49/58 MP: 12/12
  4960 | D:5      | Identified the +1 robe of Generosity {Will+ Int+3}
  5028 | D:5      | Noticed Eustachio
  5045 | D:5      | Killed Eustachio
  5878 | D:6      | Reached skill level 5 in Conjurations
  6085 | D:6      | Noticed Prince Ribbit
  6092 | D:6      | Killed Prince Ribbit
  6093 | D:6      | Reached XP level 9. HP: 46/63 MP: 5/13
  6749 | D:6      | Found a runed translucent door.
  6750 | D:6      | Noticed Crazy Yiuf
  6765 | D:6      | HP: 3/62 [Crazy Yiuf (1)]
  7082 | D:6      | Learned a level 3 spell: Swiftness
  7204 | D:6      | Killed Crazy Yiuf
  7273 | D:7      | Found Guiwam's Armour Shop.
  7320 | D:7      | Reached skill level 1 in Invocations
  7330 | D:7      | Reached ** piety under Dithmenos
  7681 | D:7      | Reached skill level 5 in Short Blades
  7681 | D:7      | Reached skill level 5 in Air Magic
  7681 | D:7      | Reached XP level 10. HP: 67/70 MP: 11/15
  8021 | D:8      | Noticed a two-headed ogre
  8022 | D:8      | Found a flagged portal.
  8023 | D:8      | Noticed a kobold demonologist
  8026 | D:8      | Noticed a sun demon
  8027 | D:8      | Noticed a kobold demonologist
  8027 | D:8      | Noticed a kobold demonologist
  8028 | D:8      | Noticed an orange demon
  8031 | D:8      | Killed a two-headed ogre
  8190 | D:8      | Noticed an orange demon
  8207 | D:7      | Killed a kobold demonologist
  8208 | D:7      | Reached skill level 5 in Poison Magic
  8339 | D:8      | Noticed an orange demon
  8435 | D:8      | Killed a kobold demonologist
  8454 | Bailey   | Entered a bailey
  8595 | Bailey   | Found an iron altar of Okawaru.
  8595 | Bailey   | Noticed an orc knight
  8595 | Bailey   | Noticed an orc high priest
  8595 | Bailey   | Noticed an orc high priest
  8597 | Bailey   | Noticed an ice devil
  8609 | Bailey   | Noticed a soul eater
  8630 | Bailey   | Killed an orc high priest
  8631 | Bailey   | Reached skill level 5 in Spellcasting
  9075 | D:8      | Killed a kobold demonologist
  9082 | D:8      | Reached *** piety under Dithmenos
  9083 | D:8      | Reached XP level 11. HP: 72/75 MP: 13/18
  9495 | D:8      | Noticed Psyche
  9505 | D:8      | Killed Psyche
  9897 | D:9      | HP: 1/75 [wraith (7)]
 10436 | D:9      | Found Vimp's General Store.
 10443 | D:9      | Bought a potion of curing for 39 gold pieces
 10569 | D:9      | Learned a level 5 spell: Fireball
 10667 | D:9      | Noticed Gastronok
 10701 | D:9      | Killed Gastronok
 10702 | D:9      | Reached skill level 2 in Fire Magic
 10958 | D:10     | Entered Level 10 of the Dungeon
 10971 | D:10     | Reached skill level 3 in Fire Magic
 11361 | D:10     | Reached skill level 4 in Fire Magic
 11364 | D:10     | Reached **** piety under Dithmenos
 11642 | D:10     | Noticed Erica
 11656 | D:10     | Killed Erica
 11657 | D:10     | Reached skill level 5 in Fire Magic
 12075 | D:10     | Reached XP level 12. HP: 81/81 MP: 22/22
 12486 | D:10     | Reached skill level 10 in Conjurations
 12486 | D:10     | Reached skill level 6 in Fire Magic
 13064 | D:10     | HP: 3/81 [slime creature (8)]
 13074 | D:10     | HP: 3/81 [slime creature (3)]
 13473 | D:11     | Found a staircase to the Lair.
 13504 | D:11     | Reached skill level 7 in Fire Magic
 13904 | D:11     | Noticed a four-headed hydra
 13915 | D:11     | Killed a four-headed hydra
 14004 | D:11     | Reached skill level 8 in Fire Magic
 14365 | D:11     | Identified the +10 long sword of Duty {vorpal, rC+ rN+
                  | Int+2}
 14532 | D:11     | Reached skill level 1 in Long Blades
 15721 | D:12     | Reached skill level 9 in Fire Magic
 16342 | D:12     | Reached XP level 13. HP: 69/86 MP: 23/23
 16723 | D:12     | Found a staircase to the Orcish Mines.
 17087 | D:12     | Reached skill level 5 in Long Blades
 17317 | D:13     | Reached skill level 10 in Fire Magic
 17565 | D:13     | Noticed a six-headed hydra
 17599 | D:13     | HP: 3/86 [eight-headed hydra (10)]
 17600 | D:13     | Killed an eight-headed hydra
 18383 | D:13     | Found a gate to the Vaults.
 18383 | D:13     | Noticed a centaur warrior
 18383 | D:13     | Noticed Urug
 18385 | D:13     | Noticed Rupert
 18386 | D:13     | Noticed a boulder beetle
 18391 | D:13     | Killed a centaur warrior
 18455 | Lair:1   | Entered Level 1 of the Lair of Beasts
 18577 | Lair:1   | Reached ***** piety under Dithmenos
 18584 | Lair:1   | Reached skill level 11 in Fire Magic
 19161 | Lair:2   | Found a staircase to the Swamp.
 19185 | Lair:2   | Killed from afar by a bog body

Illustrated notes

Levels and vault maps discovered:
D:1:      eino_arrival_cavern_a, layout_loops_ring
D:2:      layout_loops_ring, minmay_pentomino_u2, uniq_jessica, uniq_terence
D:3:      layout_loops_cross, nicolae_dithmenos_the_darkroom,
          shapermc_ecumenical_altar_flowoftime, uniq_natasha
D:4:      layout_loops_ring, minmay_temple_entry_grid, st_stairs_4
D:5:      layout_basic, dk_noncrumbling_2, uniq_eustachio
D:6:      layout_layer_cave, uniq_crazy_yiuf_cottage, uniq_prince_ribbit1
D:7:      layout_rooms, serial_shops, shop_coins, st_stairs_11
D:8:      layout_cave_pools, serial_gnoll_camp, gnoll_camp_mini_loothouse,
          gnoll_camp_mini_hut, gnoll_camp_mini_sergeant, gnoll_camp_mini_house,
          enter_bailey_6, uniq_psyche
D:9:      layout_irregular_city, serial_shops, shop, uniq_gastronok
D:10:     layout_basic, grunt_ministairs_13, uniq_erica
D:11:     layout_loops_corners, david_lair_generic
D:12:     layout_cave_pools, zombieorc2_lemuel
D:13:     minmay_the_grid_octo_tiled_squarecenter
          [minmay_the_grid_octo_tetromino_candy, minmay_the_grid_octo_77,
          minmay_the_grid_octo_fan_narrow, minmay_the_grid_octo_toaster,
          minmay_the_grid_square_5x5_megaprize_hollow,
          minmay_the_grid_square_5x5_checkered_sparse,
          minmay_the_grid_square_5x5_eight_small,
          minmay_the_grid_square_5x5_six, minmay_the_grid_square_5x5_v],
          layout_long_grid, david_vaults_3, gauntlet_entry_generic,
          bh_walls_and_bars
Lair:1:   layout_misc_corridors, lemuel_fruit_tree, uniq_urug
Lair:2:   layout_regular_city, skrybe_swamp_entry_bodies,
          guppyfry_snake_entry_island, basic_altar,
          dreamdust_deal_with_the_devil, grunt_forest_large_clearing_hut

Skill      XL: |  1  2  3  4  5  6  7  8  9 10 11 12 13 |
---------------+----------------------------------------+-----
Fighting       | 1 2 3 |  3.1
Armour         | 1 2 3 |  3.2
Conjurations   | 2 3 4 5 7 8 9 10 | 10.6
Summonings     | 2 |  2.1
Short Blades   | 1 2 3 5 |  5.0
Air Magic      | 1 2 3 5 6 7 |  7.0
Poison Magic   | 1 2 3 4 5 6 |  6.5
Invocations    | 1 |  1.2
Stealth        | 4 |  4.1
Spellcasting   | 5 6 7 |  7.0
Fire Magic     | 5 9 11 | 11.1
Long Blades    | 4 7 |  7.4
Dodging        | |  2.0
Translocations | |  1.0

Action                   |  1- 3 |  4- 6 |  7- 9 | 10-12 | 13-15 || total
-------------------------+-------+-------+-------+-------+-------++-------
Melee: Dagger            |    45 |   154 |   258 |   516 |    43 ||  1016
       Long sword        |       |       |       |   109 |   115 ||   224
 Cast: Magic Dart        |    11 |    30 |     6 |    30 |     2 ||    79
       Call Imp          |       |    12 |     6 |     5 |       ||    23
       Poisonous Vapours |       |     5 |     1 |    50 |       ||    56
       Mephitic Cloud    |       |       |     9 |    25 |     5 ||    39
       Conjure Flame     |       |       |     1 |    15 |     2 ||    18
       Swiftness         |       |       |     1 |     8 |     1 ||    10
       Fireball          |       |       |       |    13 |     6 ||    19
Invok: Shadow Step       |       |       |       |     2 |       ||     2
  Use: Scroll            |       |     2 |    10 |     6 |     2 ||    20
       Potion            |       |       |     1 |     5 |     1 ||     7
 Stab: Sleeping          |       |     4 |     4 |     3 |    10 ||    21
       Distracted        |       |     1 |       |     3 |       ||     4
       Confused          |       |       |     6 |    17 |     4 ||    27
Armor: Leather armour    |     8 |    42 |    65 |   207 |    39 ||   361
Dodge: Dodged            |    29 |   175 |   191 |   617 |   117 ||  1129

Table legend: (Time is in decaauts)
 A = Elapsed time spent in this place.
 B = Non-inter-level travel time spent in this place.
 C = Inter-level travel time spent in this place.
 D = Time resting spent in this place.
 E = Time spent auto-exploring this place.
 F = Levels seen in this place.
 G = Mean time per level.
                   A        B        C        D        E       F      G
               +--------+--------+--------+--------+--------+-----+--------+
         Total |  19040 |  18432 |    608 |   3113 |  11789 |  16 | 1190.0 |
       Dungeon |  18145 |  17558 |    587 |   3113 |  11082 |  13 | 1395.8 |
          Lair |    714 |    693 |     21 |      0 |    600 |   2 |  357.0 |
        Bailey |    180 |    180 |      0 |      0 |    107 |   1 |  180.0 |
               +--------+--------+--------+--------+--------+-----+--------+

Top non-repeatable levels by time:
    D:10: 2732 daAuts
    D:11: 2041 daAuts
     D:2: 1611 daAuts
    D:12: 1547 daAuts
     D:6: 1376 daAuts
     D:5: 1298 daAuts
     D:8: 1283 daAuts
     D:9: 1186 daAuts
    D:13: 1130 daAuts
     D:3: 1114 daAuts
     D:7: 993 daAuts
     D:4: 916 daAuts
     D:1: 913 daAuts
  Lair:1: 616 daAuts
  Bailey: 180 daAuts
